 Dungeon Crawl Stone Soup version 0.28-a0-620-g539b0f7ac7 (webtiles) character file.

Game seed: 15918458823553511618

105 meatgazer the Skirmisher (level 4, -3/41 HPs)
             Began as a Gnoll Wanderer on Oct 6, 2021.
             Was a Believer of Elyvilon.
             Slain by an orc (4 damage)
             ... on level 4 of the Dungeon.
             The game lasted 00:03:31 (1438 turns).

meatgazer the Skirmisher (Gnoll Wanderer)           Turns: 1438, Time: 00:03:32

Health: -3/41      AC:  2    Str: 12    XL:     4   Next: 83%
Magic:  5/5        EV: 11    Int: 12    God:    Elyvilon [**....]
Gold:   79         SH:  0    Dex: 11    Spells: 5/5 levels left

rFire   . . .      SeeInvis .   j - +1 club (spect)
rCold   . . .      Faith    .   (no shield)
rNeg    . . .      Spirit   .   f - +0 robe
rPois   .          Reflect  .   (no helmet)
rElec   .          Harm     .   (no cloak)
rCorr   .          Rampage  .   (no gloves)
Will    .....                   (no boots)
Stlth   ++........              (no amulet)
HPRegen 0.13/turn               (no ring)
MPRegen 0.09/turn               (no ring)

@: no status effects
A: fangs 1, strong nose, distributed training
a: Renounce Religion, Lesser Healing, Heal Other, Divine Protection


You were on level 4 of the Dungeon.
You worshipped Elyvilon.
Elyvilon was pleased with you.
You visited 1 branch of the dungeon, and saw 4 of its levels.

You collected 79 gold pieces.

Inventory:

Hand Weapons
 a - a +2 quarterstaff
 b - a +0 shortbow
 e - a +0 dagger
 j - a +1 spectral club (weapon)
Missiles
 c - 48 arrows
 d - 11 poisoned darts (quivered)
Armour
 f - a +0 robe (worn)
Scrolls
 g - a scroll of fear {unknown}
 i - 2 scrolls of acquirement {unknown}
 l - a scroll of enchant armour {unknown}
 n - a scroll of fog {unknown}
 o - a scroll of identify {unknown}
Potions
 h - 3 potions of heal wounds {unknown}
 k - a potion of degeneration {unknown}
 m - a potion of attraction {unknown}


   Skills:
 + Level 6.6 Fighting
 + Level 1.2 Short Blades
 + Level 1.2 Long Blades
 + Level 1.2 Axes
 + Level 1.2 Maces & Flails
 + Level 1.2 Polearms
 + Level 4.7 Staves
 + Level 1.2 Slings
 + Level 1.2 Bows
 + Level 1.2 Crossbows
 + Level 2.8 Throwing
 + Level 4.7 Armour
 + Level 1.2 Dodging
 + Level 4.3 Stealth
 + Level 1.2 Shields
 + Level 1.2 Unarmed Combat
 + Level 1.2 Spellcasting
 + Level 1.0 Conjurations
 + Level 1.0 Hexes
 + Level 1.0 Summonings
 + Level 1.0 Necromancy
 + Level 1.0 Translocations
 + Level 1.0 Transmutations
 + Level 1.0 Fire Magic
 + Level 1.0 Ice Magic
 + Level 1.0 Air Magic
 + Level 1.0 Earth Magic
 + Level 1.0 Poison Magic
 + Level 1.4 Invocations
 + Level 1.2 Evocations


You had 5 spell levels left.
You didn't know any spells.
Your spell library was empty.

Dungeon Overview and Level Annotations

Branches:
Dungeon (4/15)
 Temple: D:4-7

Altars:
Elyvilon
Wu Jian


Innate Abilities, Weirdness & Mutations

You have very sharp teeth.
Your uncanny sense of smell can sniff out nearby items.
Your experience applies equally to all skills.


Message History

The orc hits you from afar with a +0 trident.
The orc hits your +1 spectral club with a +0 whip.
The dart slug misses you.
You hit the orc.
You kill the orc!
The orc hits you from afar with a +0 trident!
The orc throws a boomerang.
The boomerang barely misses you. The dart slug barely misses you.
You are too injured to fight recklessly!
You are too injured to fight recklessly!
You are too injured to fight recklessly!
You are too injured to fight recklessly!
You are too injured to fight recklessly!
You are too injured to fight recklessly!
You are too injured to fight recklessly!
You are too injured to fight recklessly!
You are too injured to fight recklessly!
You hit the dart slug but do no damage.
Your +1 spectral club hits the dart slug.
Something hits you. The orc barely misses you.
You hear some strange, mumbled words.
A puff of flame appears from out of thin air!
The puff of flame hits you!
* * * LOW HITPOINT WARNING * * *
You hit the dart slug. You bite the dart slug.
The dart slug is severely wounded.
Your +1 spectral club hits the dart slug.
The orc closely misses you. The dart slug barely misses you.
Something hits you.
* * * LOW HITPOINT WARNING * * *
The orc barely misses you. The orc hits you with a +0 hand axe.
* * * LOW HITPOINT WARNING * * *
Unknown command.
You closely miss something.
Your +1 spectral club hits something.
The dart slug bites you.
* * * LOW HITPOINT WARNING * * *
Something hits you.
* * * LOW HITPOINT WARNING * * *
The orc barely misses you. The orc hits you with a +0 hand axe.
You die...

#.......#..##.#
.##...###..##.## ....#.#
#. #..# .####..... ##.#
..## ##. #.# #..######
#.# .......###.###.####
###
.................o#.....
.......#........@{...<..
#...............(wo.....
#.##..#.###......ยง......
...##...................
....##.........).[......
.....#....#.............
._......[###.....$......
.....##.. .......#.....
....## #


You could see a dart slug, 2 orcs and a friendly +1 spectral club (summoned).

Vanquished Creatures
  A centaur skeleton (D:4)
  Jessica (D:2)
  An adder (D:2)
  A worm (D:2)
  6 orcs (D:4)
  5 endoplasms
  A giant cockroach (D:4)
  6 goblins
  A hobgoblin (D:2)
  A quokka (D:4)
  4 ball pythons
  3 bats
  A frilled lizard (D:2)
  A kobold (D:2)
  A rat (D:1)
34 creatures vanquished.

Vanquished Creatures (others)
  2 plants (D:2)
2 creatures vanquished.

Grand Total: 36 creatures vanquished

Notes
Turn   | Place    | Note
-------+----------+-------------------------------------------
     0 | D:1      | meatgazer the Gnoll Wanderer began the quest for the Orb.
     0 | D:1      | meatgazer set off with the following items: a +2
                  | quarterstaff, a +0 shortbow, 27 arrows, 11 poisoned darts,
                  | a +0 dagger, a +0 robe
     0 | D:1      | Reached XP level 1. HP: 23/23 MP: 1/1
   207 | D:1      | Reached XP level 2. HP: 29/29 MP: 2/2
   472 | D:1      | Found a faded altar of an unknown god.
   483 | D:1      | Became a worshipper of Elyvilon the Healer
   483 | D:1      | Reached * piety under Elyvilon
   672 | D:2      | Noticed Jessica
   679 | D:2      | Killed Jessica
   680 | D:2      | Reached skill level 1 in Invocations
   680 | D:2      | Reached XP level 3. HP: 30/35 MP: 2/4
   689 | D:2      | Reached skill level 1 in Short Blades
   689 | D:2      | Reached skill level 1 in Long Blades
   689 | D:2      | Reached skill level 1 in Axes
   689 | D:2      | Reached skill level 1 in Maces & Flails
   689 | D:2      | Reached skill level 1 in Polearms
   689 | D:2      | Reached skill level 1 in Slings
   689 | D:2      | Reached skill level 1 in Bows
   689 | D:2      | Reached skill level 1 in Crossbows
   689 | D:2      | Reached skill level 1 in Dodging
   689 | D:2      | Reached skill level 1 in Shields
   689 | D:2      | Reached skill level 1 in Unarmed Combat
   689 | D:2      | Reached skill level 1 in Spellcasting
   689 | D:2      | Reached skill level 1 in Evocations
   978 | D:2      | Reached XP level 4. HP: 41/41 MP: 5/5
  1306 | D:4      | Found an ornate altar of the Wu Jian Council.
  1306 | D:4      | Reached ** piety under Elyvilon
  1327 | D:4      | Reached skill level 1 in Conjurations
  1327 | D:4      | Reached skill level 1 in Hexes
  1327 | D:4      | Reached skill level 1 in Summonings
  1327 | D:4      | Reached skill level 1 in Necromancy
  1327 | D:4      | Reached skill level 1 in Translocations
  1327 | D:4      | Reached skill level 1 in Transmutations
  1327 | D:4      | Reached skill level 1 in Fire Magic
  1327 | D:4      | Reached skill level 1 in Ice Magic
  1327 | D:4      | Reached skill level 1 in Air Magic
  1327 | D:4      | Reached skill level 1 in Earth Magic
  1327 | D:4      | Reached skill level 1 in Poison Magic
  1438 | D:4      | HP: 1/41 [something (3)]
  1438 | D:4      | Slain by an orc

Illustrated notes

Levels and vault maps discovered:
D:1:      psy_arrival_basics, layout_rooms,
          hellmonk_ecumenical_altar_slurped_away
D:2:      layout_basic, serial_bayou_pond_e, uniq_jessica, uniq_natasha
D:3:      layout_rooms, mainiacjoe_overflow_tiny_flanked,
          mainiacjoe_overflow_six_doors_small,
          mainiacjoe_overflow_catwalk_spiral, serial_shops,
          nicolae_lakefront_shop, chequers_jeans, minivault_25, uniq_ijyb,
          uniq_crazy_yiuf_cottage
D:4:      layout_rooms, lemuel_round_altar, minmay_temple_entry_from_below_a

Skill      XL: |  1  2  3  4 |
---------------+-------------+-----
Invocations    | 1 |  1.4
Short Blades   | 1 |  1.2
Long Blades    | 1 |  1.2
Axes           | 1 |  1.2
Maces & Flails | 1 |  1.2
Polearms       | 1 |  1.2
Slings         | 1 |  1.2
Bows           | 1 |  1.2
Crossbows      | 1 |  1.2
Dodging        | 1 |  1.2
Shields        | 1 |  1.2
Unarmed Combat | 1 |  1.2
Spellcasting   | 1 |  1.2
Evocations     | 1 |  1.2
Conjurations   | 1 |  1.0
Hexes          | 1 |  1.0
Summonings     | 1 |  1.0
Necromancy     | 1 |  1.0
Translocations | 1 |  1.0
Transmutations | 1 |  1.0
Fire Magic     | 1 |  1.0
Ice Magic      | 1 |  1.0
Air Magic      | 1 |  1.0
Earth Magic    | 1 |  1.0
Poison Magic   | 1 |  1.0
Fighting       | |  6.6
Staves         | |  4.7
Throwing       | |  2.8
Armour         | |  4.7
Stealth        | |  4.3

Action                   |  1- 3 |  4- 6 || total
-------------------------+-------+-------++-------
Melee: Quarterstaff      |    32 |       ||    32
       Pseudopods        |     2 |     1 ||     3
       Club              |     5 |    27 ||    32
Throw: Dart              |     5 |       ||     5
 Stab: Sleeping          |     2 |     3 ||     5
       Distracted        |     1 |       ||     1
Armor: Robe              |    10 |     4 ||    14
Dodge: Dodged            |    18 |    17 ||    35

Table legend: (Time is in decaauts)
 A = Elapsed time spent in this place.
 B = Non-inter-level travel time spent in this place.
 C = Inter-level travel time spent in this place.
 D = Time resting spent in this place.
 E = Time spent auto-exploring this place.
 F = Levels seen in this place.
 G = Mean time per level.
                   A        B        C        D        E       F      G
               +--------+--------+--------+--------+--------+-----+--------+
         Total |   1446 |   1390 |     56 |    147 |   1021 |   4 |  361.5 |
       Dungeon |   1446 |   1390 |     56 |    147 |   1021 |   4 |  361.5 |
               +--------+--------+--------+--------+--------+-----+--------+

Top non-repeatable levels by time:
     D:1: 589 daAuts
     D:2: 493 daAuts
     D:4: 349 daAuts
     D:3: 14 daAuts
